 Dungeon Crawl Stone Soup version 0.23-a0-4-g8f018a2 (webtiles) character file.

105 Kuinu the Firebug (level 4, -9/26 HPs)
             Began as a Draconian Fire Elementalist on Aug 1, 2018.
             Mangled by a gnoll
             ... wielding a +0 halberd
              (10 damage)
             ... on level 2 of the Dungeon.
             The game lasted 00:07:21 (2394 turns).

Kuinu the Firebug (Draconian Fire Elementalist)     Turns: 2394, Time: 00:07:22

Health: -9/26      AC:  5    Str: 10    XL:     4   Next: 54%
Magic:  4/7        EV: 12    Int: 17    God:
Gold:   82         SH:  0    Dex: 11    Spells: 4/8 levels left

rFire    . . .     SeeInvis .   p - +1 dagger (flame)
rCold    . . .     Gourm    .   (no shield)
rNeg     . . .     Faith    .   (armour unavailable)
rPois    .         Spirit   .   (helmet restricted)
rElec    .         Reflect  .   (no cloak)
rCorr    .         Harm     .   (no gloves)
MR       .....                  (no boots)
Stlth    ++........             (no amulet)
HPRegen  0.08/turn              (no ring)
MPRegen  0.10/turn              (no ring)

@: lethally poisoned (-9 -> -10), flying
A: unfitting armour, stinger 1, frail 2, evolution 1, cold-blooded, AC +5
a: no special abilities


You were on level 2 of the Dungeon.
You were hungry.

You visited 1 branch of the dungeon, and saw 2 of its levels.

You collected 82 gold pieces.

Inventory:

Hand Weapons
 c - a +0 club
 e - a -2 dagger
 h - a +0 rapier
 i - a +0 dagger
 j - a +0 dagger
 p - a +1 dagger of flaming (weapon)
Wands
 n - a wand of digging (9)
Scrolls
 d - a scroll of magic mapping {unknown}
 l - a scroll of amnesia {unknown}
 m - 2 scrolls of identify {unknown}
 o - a scroll of remove curse
Comestibles
 b - 2 rations
 f - 2 chunks of flesh


   Skills:
 - Level 1.7 Dodging
 - Level 1.7 Stealth
 + Level 2.6 Spellcasting
 * Level 2.8 Conjurations
 * Level 4.1 Fire Magic


You had 4 spell levels left.
You knew the following spells:

 Your Spells              Type           Power        Failure   Level  Hunger
a - Flame Tongue          Conj/Fire      ##...        4%          1    #......
b - Conjure Flame         Conj/Fire      ##......     13%         3    ###....

Your spell library contained the following spells:

 Spells                   Type           Power        Failure   Level  Hunger
 Fireball                 Conj/Fire      ##........   77%         5    ######.
 Throw Flame              Conj/Fire      ##....       7%          2    ##.....
 Sticky Flame             Conj/Fire      ##......     41%         4    #####..
 Inner Flame              Hex/Fire       #.......     24%         3    ###....


Dungeon Overview and Level Annotations

Branches:
Dungeon (2/15)

Altars:


Innate Abilities, Weirdness & Mutations

Your plain brown scales are hard. (AC +5)
You cannot fit into any form of body armour.
You are cold-blooded and may be slowed by cold attacks.
Your tail ends in a poisonous barb.
You are very frail. (-20% HP)
You evolve.


Message History

You feel nature experimenting on you.
Don't worry, failures die fast.
You feel frail. x2
A poisonous barb forms on the end of your tail.
The adder barely misses you. The gnoll closely misses you.
It was a potion of flight.
You feel very buoyant.
You fly up into the air.
The adder closely misses you. The gnoll misses you.
The adder barely misses you.
Casting: Flame Tongue (safe; 4% risk of failure)
Confirm with . or Enter, or press ? or * to list all spells.
Aiming: Flame Tongue (safe; 4% risk of failure)
Press: ? - help, Shift-Dir - straight line, f/p - gnoll
Aim: a gnoll, wielding a halberd (moderately wounded)
The flame tongue misses the gnoll.
You feel sick. The adder barely misses you. The gnoll hits you with a halberd.
* * * LOW HITPOINT WARNING * * *
You barely miss the gnoll.
The gnoll is lightly wounded.
The adder barely misses you. The gnoll hits you with a halberd!
You die...

#.# ...# #####. #.# ..+ #.....
#.# ### ####'######## ####.# ..#
#..P.P....... .....# #.#
#.......####. ###### #.#
###.......#.. #.# #.#####.#..
#S#######.#........
#.@g......#.###.#..
############.# #.#..
####.#..........#.# #.#.. #####
#..#.#.########.#.# #.#.. .....
#..#.#.# #)..# #.#.. ....#
#..#.#.# ####.#.###.#..
....#####..#.### #....(.....###
#.......#[.#.# #.##.##[.###..
≈...###.#.>#.#######.##.#.(..##.#


You could see a gnoll and an adder.

Vanquished Creatures
  Jessica (D:2)
  A gnoll (D:1)
  An adder (D:2)
  An ooze (D:1)
  A worm (D:2)
  A dart slug (D:2)
  4 leopard geckos
  5 bats
  A giant cockroach (D:1)
  7 goblins
  5 hobgoblins
  2 jackals (D:2)
  A quokka (D:2)
  4 frilled lizards
  6 kobolds
  7 rats
48 creatures vanquished.

Notes
Turn   | Place    | Note
-------+----------+-------------------------------------------
     0 | D:1      | Kuinu the Draconian Fire Elementalist began the quest for the Orb.
     0 | D:1      | Reached XP level 1. HP: 14/14 MP: 3/3
   314 | D:1      | Reached XP level 2. HP: 15/20 MP: 1/5
   943 | D:1      | Reached XP level 3. HP: 26/26 MP: 3/6
   970 | D:1      | Learned a level 3 spell: Conjure Flame
  1621 | D:2      | Noticed a centaur
  1991 | D:2      | Reached XP level 4. HP: 33/33 MP: 4/7
  2130 | D:2      | Noticed Jessica
  2140 | D:2      | Killed Jessica
  2140 | D:2      | Reached skill level 4 in Fire Magic
  2391 | D:2      | Gained mutation: You evolve. [potion of mutation]
  2391 | D:2      | Gained mutation: You are frail. (-10% HP) [potion of mutation]
  2391 | D:2      | Gained mutation: You are very frail. (-20% HP) [potion of mutation]
  2391 | D:2      | Gained mutation: Your tail ends in a poisonous barb. [potion of mutation]
  2393 | D:2      | HP: 1/26 [gnoll/halberd (6)]
  2394 | D:2      | Mangled by a gnoll

Vault maps used:
D:1:      dpeg_arrival_simpleton_a, minmay_misc_feat_five
D:2:      minivault_4, cheibrodos_gnoll_hut, uniq_jessica

Skill      XL: |  1  2  3  4 |
---------------+-------------+-----
Conjurations   | 2 |  2.8
Fire Magic     | 4 |  4.1
Dodging        | |  1.7
Stealth        | |  1.7
Spellcasting   | |  2.6

Action                   |  1- 3 |  4- 6 || total
-------------------------+-------+-------++-------
Melee: Dagger            |    39 |     9 ||    48
       Rapier            |     7 |       ||     7
       Tailslap          |       |     2 ||     2
 Cast: Flame Tongue      |    64 |    23 ||    87
  Use: Potion            |     1 |     4 ||     5
       Scroll            |     3 |       ||     3
  Eat: Chunk             |     4 |     1 ||     5
Armor: Skin              |    16 |    10 ||    26
Dodge: Dodged            |    55 |    33 ||    88

Table legend:
 A = Spawn XP
 B = Non-spawn XP
 C = Spawn XP percentage of total XP
 D = Spawn monster count
 E = Non-spawn monster count
 F = Spawn count percentage of total count
 G = Total turns spent on level
                    A         B        C        D         E        F      G
               +---------+---------+-------+---------+---------+-------+---------
         Total |       0 |     151 |   0.0 |       0 |      48 |   0.0 |  2394
               +---------+---------+-------+---------+---------+-------+---------
           D:1 |       0 |      66 |   0.0 |       0 |      29 |   0.0 |  1607
           D:2 |       0 |      85 |   0.0 |       0 |      19 |   0.0 |   787
               +---------+---------+-------+---------+---------+-------+---------
